 Dungeon Crawl Stone Soup version 0.21.1-1-g345015fe64 (webtiles) character file.

901 Lennu the Shield-Bearer (level 8, -13/61 HPs)
             Began as a Formicid Fighter on May 25, 2018.
             Was an Initiate of Elyvilon.
             Mangled by a wight
             ... wielding a +0 dire flail
              (16 damage)
             ... on level 3 of the Dungeon.
             The game lasted 00:15:27 (5896 turns).

Lennu the Shield-Bearer (Formicid Fighter)          Turns: 5896, Time: 00:15:27

Health: -13/61     AC:  2    Str: 20 (22) XL:     8   Next: 28%
Magic:  8/8        EV:  9    Int:  4 (7)  God:    Elyvilon [......]
Gold:   258        SH: 10    Dex: 11 (12) Spells: 7/7 levels left

rFire    . . .     SeeInvis +   a - +1 flail
rCold    . . .     Gourm    .   c - +1 shield
rNeg     . . .     Faith    .   (no armour)
rPois    .         Spirit   .   (helmet unavailable)
rElec    .         Reflect  .   n - +0 cloak
rCorr    .         Harm     .   u - +0 pair of gloves
MR       .....                  (no boots)
Stlth    +.........             (no amulet)
HPRegen  0.20/turn              (no ring)
MPRegen  0.11/turn              (no ring)

@: heavily drained, invisible
A: permanent stasis, dig shafts and tunnels, four strong arms, antennae 3
a: Dig, Shaft Self, Renounce Religion


You were on level 3 of the Dungeon.
You worshipped Elyvilon.
Elyvilon was noncommittal.
You were not hungry.

You visited 2 branches of the dungeon, and saw 7 of its levels.

You collected 258 gold pieces.

Inventory:

Hand Weapons
 a - a +1 flail (weapon)
Armour
 b - a +0 scale mail
 c - a +1 shield (worn)
 i - a +0 crystal plate armour
 n - a +0 cloak (worn)
 u - a +0 pair of gloves (worn)
Scrolls
 e - a scroll of magic mapping
 j - a scroll of enchant weapon
 m - a scroll of blinking {unknown}
 r - a scroll of fear {unknown}
Potions
 g - a potion of curing
 o - a potion of lignification {unknown}
 q - a potion of mutation {unknown}
Comestibles
 f - 5 rations


   Skills:
 * Level 4.9(2.8) Fighting
 * Level 5.1(3.0) Maces & Flails
 * Level 5.6(3.5) Armour
 * Level 2.2(0.3) Dodging
 * Level 6.3(4.1) Shields


You had 7 spell levels left.
You didn't know any spells.

Dungeon Overview and Level Annotations

Branches:
Dungeon (6/15)             Temple (1/1) D:4

Altars:
Elyvilon
Hepliaklqana
Wu Jian
Xom
Yredelemnul
Zin

Annotations:
D:6 Dowan


Innate Abilities, Weirdness & Mutations

You cannot be hasted, slowed, berserked, paralysed or teleported.
You can dig through walls and to a lower floor.
Your four strong arms can wield two-handed weapons with a shield.
You have a pair of large antennae on your head. (SInv)


Message History

You completely miss the wight.
The wight is moderately damaged.
The wight barely misses you. The wight hits you with a dire flail!
* * * LOW HITPOINT WARNING * * *
You feel drained.
You see here 12 stones.
There is a stone staircase leading down here.
You hit the wight but do no damage.
The wight is moderately damaged.
The wight barely misses you.
You barely miss the wight.
The wight is moderately damaged.
You block the wight's attack.
You hit the wight.
The wight is moderately damaged.
The wight hits you with a dire flail!
* * * LOW HITPOINT WARNING * * *
You fade into invisibility!
The wight hits you with a dire flail!
You die...

# ### ##.## #########
# ##...## #.......###
####.@z..###.......#..
#.........##.#####.#.#
#...............##.#.#
#.#.......##.##.......
#.#.>....###.#####.#.#
#.......## #..........
###.##.## #..........
#.#### #######..#. #.#
########..##


You could see a wight.

Vanquished Creatures
  The ghost of Tali the Shield-Bearer, an amateur MiFi (D:3)
  An ogre (D:5)
  4 scorpions
  2 wights (D:5)
  2 howler monkeys
  A crimson imp (D:5)
  Crazy Yiuf (D:5)
  A hound (D:5)
  A bullfrog skeleton (D:4)
  Natasha (thrice) (D:2)
  A hound skeleton (D:5)
  6 adders
  3 gnolls
  An ooze (D:2)
  4 worms
  A dart slug (D:1)
  A leopard gecko (D:4)
  4 orcs
  5 giant cockroaches
  4 goblins
  12 hobgoblins
  2 jackals (D:3)
  7 kobolds
  11 bats
  4 frilled lizards
  9 rats
92 creatures vanquished.

Vanquished Creatures (others)
  2 fungi (D:4)
2 creatures vanquished.

Grand Total: 94 creatures vanquished

Notes
Turn   | Place    | Note
-------+----------+-------------------------------------------
     0 | D:1      | Lennu the Formicid Fighter began the quest for the Orb.
     0 | D:1      | Reached XP level 1. HP: 18/18 MP: 1/1
   358 | D:1      | Reached XP level 2. HP: 20/24 MP: 2/2
   851 | D:1      | Reached XP level 3. HP: 29/29 MP: 3/3
  1382 | D:2      | Reached skill level 4 in Shields
  1721 | D:2      | Reached XP level 4. HP: 37/37 MP: 4/4
  1863 | D:2      | Noticed Natasha
  1893 | D:2      | Killed Natasha
  1893 | D:2      | Reached XP level 5. HP: 33/42 MP: 5/5
  2105 | D:2      | Noticed Natasha
  2129 | D:2      | Killed Natasha
  2189 | D:2      | Noticed Natasha
  2206 | D:2      | Killed Natasha
  2206 | D:2      | Reached skill level 1 in Dodging
  2522 | D:3      | Noticed Tali's ghost (amateur MiFi)
  2631 | D:3      | Reached XP level 6. HP: 27/48 MP: 6/6
  3057 | D:3      | Killed Tali's ghost
  3057 | D:3      | Reached skill level 5 in Shields
  4149 | D:4      | Found a staircase to the Ecumenical Temple.
  4158 | Temple   | Entered the Ecumenical Temple
  4164 | Temple   | Became a worshipper of Elyvilon the Healer
  4291 | D:4      | Reached skill level 5 in Armour
  4291 | D:4      | Reached XP level 7. HP: 54/54 MP: 7/7
  4662 | D:5      | Entered Level 5 of the Dungeon
  4922 | D:5      | Reached skill level 6 in Shields
  4922 | D:5      | Reached XP level 8. HP: 25/61 MP: 8/8
  5208 | D:5      | Found a runed door.
  5212 | D:5      | Noticed Crazy Yiuf
  5216 | D:5      | Killed Crazy Yiuf
  5450 | D:6      | Noticed Dowan
  5461 | D:5      | Reached skill level 5 in Maces & Flails
  5819 | D:4      | HP: 3/61 [wight/dire flail (1)]
  5895 | D:3      | HP: 3/61 [wight/dire flail (16)]
  5896 | D:3      | Mangled by a wight

Skill      XL: |  1  2  3  4  5  6  7  8 |
---------------+-------------------------+-----
Shields        | 4 5 6 |  6.3
Armour         | 4 5 |  5.6
Maces & Flails | 3 4 5 |  5.1
Dodging        | 1 2 |  2.2
Fighting       | 4 |  4.9

Action                   |  1- 3 |  4- 6 |  7- 9 || total
-------------------------+-------+-------+-------++-------
Melee: Flail             |   101 |   221 |   132 ||   454
  Use: Scroll            |     3 |     5 |     2 ||    10
       Potion            |     2 |     4 |     4 ||    10
  Eat: Ration            |     1 |     2 |     1 ||     4
       Chunk             |       |     3 |     2 ||     5
Armor: Scale mail        |    32 |    96 |    23 ||   151
Dodge: Dodged            |    37 |    84 |    54 ||   175
Block: Shield            |    55 |   188 |    84 ||   327
